 Dungeon Crawl Stone Soup version 0.25-a0-294-gea9b1ad378 (webtiles) character file.

Game seed: 10600331538914097733, levelgen mode: deterministic

1012 MoonlitKnight the Charmwright (level 8, -3/63 HPs)
             Began as a Gnoll Skald on Dec 17, 2019.
             Slain by a sky beast (6 damage)
             ... on level 6 of the Dungeon.
             The game lasted 00:12:34 (4738 turns).

MoonlitKnight the Charmwright (Gnoll Skald)         Turns: 4738, Time: 00:12:35

Health: -3/63      AC:  9    Str: 15    XL:     8   Next: 21%
Magic:  13/16      EV: 13    Int: 17    God:
Gold:   241        SH:  0    Dex: 14    Spells: 7/18 levels left

rFire    . . .     SeeInvis +   o - +2 dagger (venom)
rCold    . . .     Gourm    .   (no shield)
rNeg     . . .     Faith    .   i - +0 ring mail
rPois    .         Spirit   .   (no helmet)
rElec    .         Reflect  .   z - +0 cloak
rCorr    +         Harm     .   A - +1 pair of gloves
MR       .....                  (no boots)
Stlth    ++........             (no amulet)
HPRegen  1.20/turn              n - ring of resist corrosion
MPRegen  0.15/turn              b - ring of see invisible

@: regenerating
A: distributed training, fangs 1, strong nose
a: no special abilities


You were on level 6 of the Dungeon.
You were not hungry.

You visited 1 branch of the dungeon, and saw 6 of its levels.

You collected 241 gold pieces.

Inventory:

Hand Weapons
 o - a +2 dagger of venom (weapon)
Missiles
 t - 13 poisoned darts (quivered)
 u - 22 sling bullets
Armour
 i - a +0 ring mail (worn)
 k - a cursed +0 shield
 v - a +0 scale mail
 z - a +0 cloak (worn)
 A - a +1 pair of gloves (worn)
Jewellery
 b - a ring of see invisible (right hand)
 n - a ring of resist corrosion (left hand)
Wands
 x - a wand of paralysis (4)
Scrolls
 c - a scroll of immolation {unknown}
 e - 3 scrolls of remove curse
 f - 3 scrolls of identify {unknown}
 h - 5 scrolls of teleportation
 m - a scroll of enchant armour
 p - 2 scrolls of blinking {unknown}
 q - a scroll of fog {unknown}
 s - a scroll of amnesia
 y - a scroll of fear {unknown}
Potions
 a - a potion of might {unknown}
 g - 3 potions of agility {unknown}
 j - a potion of degeneration {unknown}
 l - a potion of curing {unknown}
 w - a potion of haste {unknown}
 B - 3 potions of flight {unknown}
Comestibles
 d - 5 rations


   Skills:
 + Level 5.5 Fighting
 + Level 3.0 Short Blades
 + Level 3.0 Long Blades
 + Level 3.0 Axes
 + Level 3.0 Maces & Flails
 + Level 5.5 Polearms
 + Level 3.0 Staves
 + Level 3.0 Slings
 + Level 3.0 Bows
 + Level 3.0 Crossbows
 + Level 3.0 Throwing
 + Level 4.0 Armour
 + Level 5.5 Dodging
 + Level 3.0 Stealth
 + Level 3.0 Shields
 + Level 3.0 Unarmed Combat
 + Level 5.9 Spellcasting
 + Level 2.4 Conjurations
 + Level 2.4 Hexes
 + Level 6.0 Charms
 + Level 2.4 Summonings
 + Level 2.4 Necromancy
 + Level 2.4 Translocations
 + Level 2.4 Transmutations
 + Level 2.4 Fire Magic
 + Level 2.4 Ice Magic
 + Level 2.4 Air Magic
 + Level 2.4 Earth Magic
 + Level 2.4 Poison Magic
 + Level 3.3 Invocations
 + Level 3.0 Evocations


You had 7 spell levels left.
You knew the following spells:

 Your Spells              Type           Power        Failure   Level  Hunger
a - Infusion              Chrm           ####         1%          1    None
b - Shroud of Golubria    Chrm/Tloc      ###...       6%          2    None
c - Spectral Weapon       Hex/Chrm       ###.....     13%         3    ##.....
d - Regeneration          Chrm/Necr      ###.......   13%         3    ##.....
e - Song of Slaying       Chrm           ####....     3%          2    None

Your spell library contained the following spells:

 Spells                   Type           Power        Failure   Level  Hunger
 Confusing Touch          Hex            ##....       9%          1    None
 Confuse                  Hex            ##......     26%         3    ##.....
 Gell's Gravitas          Tloc           ##........   26%         3    ##.....
 Petrify                  Tmut/Erth      ##......     65%         4    ####...
 Metabolic Englaciation   Hex/Ice        ##........   94%         5    #####..
 Yara's Violent Unravell  Hex/Tmut       ##........   94%         5    #####..


Dungeon Overview and Level Annotations

Branches:
Dungeon (6/15)
 Temple: D:4-7

Altars:
Okawaru


Innate Abilities, Weirdness & Mutations

Your experience applies equally to all skills.
You have very sharp teeth.
Your uncanny sense of smell can sniff out nearby items.


Message History

The sky beast shocks you.
* * * LOW HITPOINT WARNING * * *
You barely miss the sky beast.
The sky beast is heavily wounded.
The shadow imp hits you.
* * * LOW HITPOINT WARNING * * *
You hit the sky beast.
The sky beast is severely wounded.
The sky beast hits you.
* * * LOW HITPOINT WARNING * * *
The sky beast shocks you.
* * * LOW HITPOINT WARNING * * *
The shadow imp misses you.
You closely miss the sky beast. You punch the sky beast.
Your bite misses the sky beast.
The sky beast is almost dead.
The sky beast hits you.
* * * LOW HITPOINT WARNING * * *
The sky beast shocks you.
You die...

#.##### ∆ #.....##
#......# #
#...####.## #.
#.......... #.
#....###.##
#.########....### ###
#.Y.............#
....#.5@.######.#.#.#
....'.............#.#
....#....###.########
....'........#
....#....##..#
....#....###.# ...
#....# #.# .. ######
###


You could see a sky beast and a shadow imp.

Vanquished Creatures
  An ice beast (D:5)
  An ogre (D:4)
  A centaur (D:3)
  A bullfrog (D:4)
  2 scorpions
  A bullfrog zombie (D:5)
  A jelly (D:5)
  3 hounds
  2 orc priests (D:5)
  A gnoll shaman (D:4)
  Ijyb (D:3)
  2 orc wizards (D:3)
  An iguana (D:4)
  7 gnolls
  9 adders
  2 worms
  3 dart slugs
  3 leopard geckos
  11 orcs
  6 bats
  7 giant cockroaches
  12 goblins
  9 hobgoblins
  4 jackals
  6 kobolds
  2 quokkas
  4 frilled lizards
  A quokka zombie (D:5)
  4 rats
108 creatures vanquished.

Notes
Turn   | Place    | Note
-------+----------+-------------------------------------------
     0 | D:1      | MoonlitKnight the Gnoll Skald began the quest for the Orb.
     0 | D:1      | Reached XP level 1. HP: 20/20 MP: 6/6
   166 | D:1      | Reached XP level 2. HP: 26/26 MP: 7/7
   753 | D:2      | Reached skill level 5 in Spellcasting
   753 | D:2      | Reached XP level 3. HP: 23/31 MP: 7/9
   939 | D:2      | Reached skill level 1 in Invocations
  1068 | D:2      | Reached skill level 1 in Short Blades
  1068 | D:2      | Reached skill level 1 in Long Blades
  1068 | D:2      | Reached skill level 1 in Axes
  1068 | D:2      | Reached skill level 1 in Maces & Flails
  1068 | D:2      | Reached skill level 1 in Staves
  1068 | D:2      | Reached skill level 1 in Slings
  1068 | D:2      | Reached skill level 1 in Bows
  1068 | D:2      | Reached skill level 1 in Crossbows
  1068 | D:2      | Reached skill level 1 in Throwing
  1068 | D:2      | Reached skill level 1 in Stealth
  1068 | D:2      | Reached skill level 1 in Shields
  1068 | D:2      | Reached skill level 1 in Unarmed Combat
  1068 | D:2      | Reached skill level 1 in Evocations
  1076 | D:2      | Learned a level 2 spell: Shroud of Golubria
  1080 | D:2      | Learned a level 3 spell: Spectral Weapon
  1084 | D:2      | Learned a level 3 spell: Regeneration
  1087 | D:2      | Learned a level 2 spell: Song of Slaying
  1112 | D:2      | Reached XP level 4. HP: 38/38 MP: 11/11
  1577 | D:2      | Reached skill level 1 in Conjurations
  1577 | D:2      | Reached skill level 1 in Hexes
  1577 | D:2      | Reached skill level 1 in Summonings
  1577 | D:2      | Reached skill level 1 in Necromancy
  1577 | D:2      | Reached skill level 1 in Translocations
  1577 | D:2      | Reached skill level 1 in Transmutations
  1577 | D:2      | Reached skill level 1 in Fire Magic
  1577 | D:2      | Reached skill level 1 in Ice Magic
  1577 | D:2      | Reached skill level 1 in Air Magic
  1577 | D:2      | Reached skill level 1 in Earth Magic
  1577 | D:2      | Reached skill level 1 in Poison Magic
  1644 | D:2      | Reached XP level 5. HP: 20/43 MP: 12/12
  2041 | D:2      | Found an iron altar of Okawaru.
  2160 | D:3      | Noticed Ijyb
  2230 | D:3      | Killed Ijyb
  2547 | D:3      | Noticed a centaur
  2555 | D:3      | Killed a centaur
  2555 | D:3      | Reached XP level 6. HP: 33/50 MP: 13/13
  2988 | D:3      | Reached skill level 5 in Fighting
  2988 | D:3      | Reached skill level 5 in Polearms
  2988 | D:3      | Reached skill level 5 in Dodging
  3219 | D:3      | Reached XP level 7. HP: 22/56 MP: 13/15
  3944 | D:4      | HP: 2/56 [gnoll/+0 halberd (6)]
  4196 | D:5      | Entered Level 5 of the Dungeon
  4504 | D:5      | Reached XP level 8. HP: 54/63 MP: 16/16
  4522 | D:5      | Reached skill level 6 in Charms
  4738 | D:6      | HP: 3/63 [sky beast (2)]
  4738 | D:6      | Slain by a sky beast

Levels and vault maps discovered:
D:1:      eino_arrival_cavern_e, layout_rooms, serial_bayou,
          serial_bayou_crossing, serial_bayou_pond_a, serial_bayou_pond_a,
          serial_bayou_ford_a
D:2:      layout_loops_cross, okawaru_altar_gauntlet_db, minmay_crystal_water,
          minivault_23
D:3:      layout_rooms, first_ration, uniq_ijyb
D:4:      layout_rooms
D:5:      layout_basic, minmay_misc_feat_iff
D:6:      layout_basic, nicolae_ru_the_path_less_chosen

Skill      XL: |  1  2  3  4  5  6  7  8 |
---------------+-------------------------+-----
Spellcasting   | 5 |  5.9
Invocations    | 1 2 3 |  3.3
Short Blades   | 1 2 3 |  3.0
Long Blades    | 1 2 3 |  3.0
Axes           | 1 2 3 |  3.0
Maces & Flails | 1 2 3 |  3.0
Staves         | 1 2 3 |  3.0
Slings         | 1 2 3 |  3.0
Bows           | 1 2 3 |  3.0
Crossbows      | 1 2 3 |  3.0
Throwing       | 1 2 3 |  3.0
Stealth        | 1 2 3 |  3.0
Shields        | 1 2 3 |  3.0
Unarmed Combat | 1 2 3 |  3.0
Evocations     | 1 2 3 |  3.0
Conjurations   | 1 2 |  2.4
Hexes          | 1 2 |  2.4
Summonings     | 1 2 |  2.4
Necromancy     | 1 2 |  2.4
Translocations | 1 2 |  2.4
Transmutations | 1 2 |  2.4
Fire Magic     | 1 2 |  2.4
Ice Magic      | 1 2 |  2.4
Air Magic      | 1 2 |  2.4
Earth Magic    | 1 2 |  2.4
Poison Magic   | 1 2 |  2.4
Armour         | 3 4 |  4.0
Fighting       | 5 |  5.5
Polearms       | 5 |  5.5
Dodging        | 5 |  5.5
Charms         | 6 |  6.0

Action                   |  1- 3 |  4- 6 |  7- 9 || total
-------------------------+-------+-------+-------++-------
Melee: Spear             |    50 |       |       ||    50
       Dagger            |    33 |   159 |   147 ||   339
       Bite              |     4 |    18 |    19 ||    41
       Punch             |       |       |     7 ||     7
Throw: Dart              |       |     5 |       ||     5
 Cast: Infusion          |     1 |       |       ||     1
       Shroud of Golubri |       |     4 |     3 ||     7
       Regeneration      |       |     3 |     5 ||     8
       Spectral Weapon   |       |     3 |     3 ||     6
  Use: Scroll            |       |     4 |       ||     4
 Stab: Sleeping          |     1 |     1 |       ||     2
  Eat: Chunk             |     1 |     7 |     4 ||    12
       Ration            |       |       |     1 ||     1
Armor: Ring mail         |    12 |       |    52 ||    64
       Leather armour    |     3 |    11 |       ||    14
       Skin              |       |       |     1 ||     1
Dodge: Dodged            |    45 |   116 |   108 ||   269

Table legend:
 A = Non-vault XP
 B = Vault XP
 C = Vault XP percentage of total XP
 D = Non-vault monster count
 E = Vault monster count
 F = Vault count percentage of total count
                 A         B        C        D         E       F
            +---------+---------+-------+---------+---------+-------
      Total |    1384 |      63 |   4.4 |     101 |       7 |   6.5
            +---------+---------+-------+---------+---------+-------
        D:1 |      30 |       0 |   0.0 |      15 |       0 |   0.0
        D:2 |     148 |      25 |  14.5 |      32 |       6 |  15.8
        D:3 |     281 |      38 |  11.9 |      19 |       1 |   5.0
        D:4 |     433 |       0 |   0.0 |      18 |       0 |   0.0
        D:5 |     379 |       0 |   0.0 |      15 |       0 |   0.0
        D:6 |     113 |       0 |   0.0 |       2 |       0 |   0.0
            +---------+---------+-------+---------+---------+-------
